 Dungeon Crawl Stone Soup version 0.20.1-1-g8b1a95d (webtiles) character file.

1064 KKCryptic the Cutter (level 8, -5/49 HPs)
             Began as a Halfling Skald on July 14, 2017.
             Shot with an arrow by a centaur (9 damage)
             ... on level 7 of the Dungeon.
             The game lasted 00:17:20 (5998 turns).

KKCryptic the Cutter (Halfling Skald)               Turns: 5998, Time: 00:17:21

Health: -5/49      AC:  8    Str: 16    XL:     8   Next: 52%
Magic:  10/10      EV: 13    Int: 11    God:
Gold:   179        SH:  5    Dex: 14    Spells: 5/10 levels left

rFire    . . .     SeeInvis .   a - +0 short sword
rCold    . . .     Gourm    .   h - +0 buckler
rNeg     . . .     Faith    .   f - +0 ring mail
rPois    .         Spirit   .   (no helmet)
rElec    .         Reflect  .   (no cloak)
rCorr    .         Harm     .   (no gloves)
MR       .....                  r - +2 pair of boots
Stlth    +.........             (no amulet)
Regen    0.2/turn               q - +2 ring of strength
MPRegen  0.2/turn               (no ring)

@: no status effects
A: mutation resistance 1
a: no special abilities


You were on level 7 of the Dungeon.
You were not hungry.

You visited 1 branch of the dungeon, and saw 7 of its levels.

You collected 305 gold pieces.
You spent 126 gold pieces at shops.

Inventory:

Hand Weapons
 a - a +0 short sword (weapon)
 b - a +0 hunting sling
Missiles
 l - 137 sling bullets
 m - 116 stones (quivered)
Armour
 f - a +0 ring mail (worn)
 h - a +0 buckler (worn)
 r - a +2 pair of boots (worn)
 s - a +0 leather armour
Jewellery
 p - an uncursed amulet of magic regeneration {unknown}
 q - a +2 ring of strength (left hand)
Scrolls
 e - 4 scrolls of teleportation {unknown}
 i - a scroll of random uselessness {unknown}
 n - 3 scrolls of remove curse {unknown}
 o - a scroll of enchant weapon {unknown}
 v - a scroll of enchant armour {unknown}
 w - 2 scrolls of magic mapping {unknown}
 x - 3 scrolls of identify {unknown}
Potions
 g - 2 potions of brilliance {unknown}
 k - 3 potions of heal wounds
 A - a potion of mutation {unknown}
 B - a potion of resistance {unknown}
 D - a potion of curing
Books
 c - a book of Battle

   Spells                             Type                      Level
   a - Infusion                       Charms                       1
   b - Shroud of Golubria             Charms/Translocation         2
   c - Song of Slaying                Charms                       2
   d - Spectral Weapon                Hexes/Charms                 3
   e - Regeneration                   Charms/Necromancy            3
 u - a book of Callings

   Spells                             Type                      Level
   a - Summon Small Mammal            Summoning                    1
   b - Call Imp                       Summoning                    2
   c - Call Canine Familiar           Summoning                    3
   d - Summon Guardian Golem          Hexes/Summoning              3
   e - Summon Lightning Spire         Summoning/Air                4
   f - Summon Ice Beast               Ice/Summoning                4
Comestibles
 d - 2 bread rations
 j - 3 meat rations
 t - 3 fruits
 z - 2 chunks of flesh


   Skills:
 - Level 1.7 Fighting
 - Level 7.8 Short Blades
 + Level 2.0 Slings
 - Level 1.1 Armour
 - Level 2.1 Dodging
 * Level 2.1 Shields
 - Level 1.5 Spellcasting
 + Level 7.8 Charms


You had 5 spell levels left.
You knew the following spells:

 Your Spells              Type           Power        Failure   Level  Hunger
a - Infusion              Chrm           ###.         3%          1    ##.....
b - Song of Slaying       Chrm           ###.....     4%          2    ###....
c - Shroud of Golubria    Chrm/Tloc      #.........   24%         2    ###....


Dungeon Overview and Level Annotations

Branches:
Dungeon (7/15)
 Temple: D:4-7

Altars:
Hepliaklqana
Nemelex Xobeh
Trog
Xom
Yredelemnul
Zin
The Shining One

Shops:
D:6 !

Annotations:
D:5 Prince Ribbit; zag's ghost, novice NaFE


Innate Abilities, Weirdness & Mutations

You are small and have problems with some larger weapons.
You are somewhat resistant to further mutation.


Message History

You kill the giant cockroach!
Found a leather armour.
A centaur and a hungry ghost come into view.
The centaur shouts!
You hear a bark!
The centaur wields a glowing shortbow.
It is covered in frost.
The centaur shoots an arrow.
The arrow completely misses you.
The centaur shoots an arrow.
The arrow hits you.
* * * LOW HITPOINT WARNING * * *
The arrow freezes you.
* * * LOW HITPOINT WARNING * * *
You see here 2 arrows.
The centaur shoots an arrow.
The arrow completely misses you.
You hear a bark!
The centaur shoots an arrow.
The arrow hits you.
* * * LOW HITPOINT WARNING * * *
The arrow freezes you.
* * * LOW HITPOINT WARNING * * *
You see here an arrow.
The centaur shoots an arrow.
The arrow hits you!
You die...

#####.#.#
#...c.W.# #c#
#.# #
#[###.###.#
#.........#
.....##.(####
..## ##@#
#.....†...#
#.........#
..............+
............###
###.........#
#.........#
#.........#


You could see a centaur.

Vanquished Creatures
  An ogre (D:4)
  2 eyes of draining (D:3)
  2 scorpions (D:4)
  3 howler monkeys
  The ghost of ces the Sneak, a weakling SpSk (D:3)
  2 hounds
  An orc priest (D:6)
  A centaur skeleton (D:4)
  4 orc wizards
  2 iguanas
  2 worker ants
  A hound skeleton (D:3)
  6 gnolls
  5 adders
  A shadow imp (D:4)
  2 oozes
  An adder skeleton (D:5)
  5 worms
  A dart slug (D:1)
  3 leopard geckos
  5 orcs
  4 giant cockroaches
  8 goblins
  8 hobgoblins
  4 jackals (D:3)
  A quokka (D:3)
  A ball python (D:2)
  6 bats
  2 frilled lizards
  3 kobolds
  7 rats
95 creatures vanquished.

Vanquished Creatures (others)
  An orc wizard (D:4)
1 creature vanquished.

Grand Total: 96 creatures vanquished

Notes
Turn   | Place    | Note
-------+----------+-------------------------------------------
     0 | D:1      | KKCryptic the Halfling Skald began the quest for the Orb.
     0 | D:1      | Reached XP level 1. HP: 14/14 MP: 3/3
   527 | D:1      | Reached XP level 2. HP: 12/19 MP: 0/4
   544 | D:1      | Learned a level 2 spell: Song of Slaying
  1057 | D:1      | Reached XP level 3. HP: 24/24 MP: 5/5
  1065 | D:1      | Learned a level 2 spell: Shroud of Golubria
  1316 | D:2      | Found a shimmering altar of Xom.
  1665 | D:2      | Reached XP level 4. HP: 21/29 MP: 6/6
  2383 | D:3      | Found a bloodstained altar of Trog.
  2383 | D:3      | Noticed an eye of draining
  2418 | D:3      | Noticed an eye of draining
  2423 | D:3      | Killed an eye of draining
  2423 | D:3      | Reached skill level 5 in Short Blades
  2423 | D:3      | Reached skill level 5 in Charms
  2423 | D:3      | Reached XP level 5. HP: 24/34 MP: 0/7
  2443 | D:3      | Killed an eye of draining
  2443 | D:3      | Reached XP level 6. HP: 30/39 MP: 0/8
  2478 | D:3      | Noticed ces's ghost (weakling SpSk)
  2526 | D:3      | Killed ces's ghost
  3216 | D:3      | Found a hazy altar of Hepliaklqana.
  3245 | D:3      | Reached XP level 7. HP: 11/44 MP: 1/9
  3934 | D:4      | Found a sparkling altar of Nemelex Xobeh.
  3934 | D:4      | Found a glowing golden altar of the Shining One.
  3994 | D:4      | Found a basalt altar of Yredelemnul.
  4333 | D:4      | Reached XP level 8. HP: 13/49 MP: 1/10
  5164 | D:5      | Entered Level 5 of the Dungeon
  5193 | D:5      | Noticed zag's ghost (novice NaFE)
  5304 | D:5      | Found a glowing silver altar of Zin.
  5575 | D:5      | Reached skill level 1 in Slings
  5575 | D:5      | Reached skill level 1 in Shields
  5616 | D:5      | Noticed Prince Ribbit
  5748 | D:6      | Found Taceugh's Distillery.
  5751 | D:6      | Bought a potion of curing for 42 gold pieces
  5751 | D:6      | Bought a potion of heal wounds for 70 gold pieces
  5751 | D:6      | Bought a potion of degeneration for 14 gold pieces
  5998 | D:7      | Shot with an arrow by a centaur

Skill      XL: |  1  2  3  4  5  6  7  8 |
---------------+-------------------------+-----
Short Blades   | 3 5 6 7 |  7.8
Charms         | 4 5 6 7 |  7.8
Slings         | 2 |  2.0
Shields        | 2 |  2.1
Fighting       | |  1.7
Armour         | |  1.1
Dodging        | |  2.1
Spellcasting   | |  1.5

Action                   |  1- 3 |  4- 6 |  7- 9 || total
-------------------------+-------+-------+-------++-------
Melee: Short sword       |   115 |   205 |   259 ||   579
 Cast: Infusion          |     5 |     7 |    21 ||    33
       Song of Slaying   |       |     1 |       ||     1
       Shroud of Golubri |       |       |     1 ||     1
  Eat: Chunk             |     3 |     5 |    10 ||    18
Armor: Ring mail         |    37 |    55 |    57 ||   149
Dodge: Dodged            |    66 |    91 |    93 ||   250
Block: Buckler           |    16 |    27 |    36 ||    79
